 Dungeon Crawl Stone Soup version 0.26-a0-519-gb2f46efeda (webtiles) character file.

Game seed: 13721345242075165211

5 MrRokkomies the Conjurer (level 1, -1/10 HPs)
             Began as a Tengu Conjurer on Aug 10, 2020.
             Slain by a jackal (3 damage)
             ... on level 1 of the Dungeon.
             The game lasted 00:00:45 (136 turns).

MrRokkomies the Conjurer (Tengu Conjurer)            Turns: 136, Time: 00:00:46

Health: -1/10      AC:  2    Str: 13    XL:     1   Next: 80%
Magic:  0/4        EV: 12    Int: 18    God:
Gold:   14         SH:  0    Dex: 12    Spells: 3/4 levels left

rFire    . . .     SeeInvis .   (no weapon)
rCold    . . .     Faith    .   (no shield)
rNeg     . . .     Spirit   .   a - +0 robe
rPois    .         Reflect  .   (helmet restricted)
rElec    .         Harm     .   (no cloak)
rCorr    +                      (no gloves)
MR       .....                  (boots unavailable)
Stlth    ++........             (no amulet)
HPRegen  0.03/turn              c - ring of resist corrosion
MPRegen  0.09/turn              e - +6 ring of strength

@: no status effects
A: beak, talons 3
a: no special abilities


You were on level 1 of the Dungeon.
You visited 1 branch of the dungeon, and saw 1 of its levels.

You collected 14 gold pieces.

Inventory:

Missiles
 f - 18 stones (quivered)
 g - 24 sling bullets
Armour
 a - a +0 robe (worn)
Jewellery
 c - a ring of resist corrosion (left hand)
 e - a +6 ring of strength (right hand)
Scrolls
 b - a scroll of blinking {unknown}
 d - a scroll of identify {unknown}
 i - a scroll of immolation {unknown}
Potions
 h - 2 potions of curing {unknown}


   Skills:
 + Level 0.3 Fighting
 * Level 2.4 Dodging
 - Level 2.0 Stealth
 - Level 2.0 Spellcasting
 * Level 5.4 Conjurations


You had 3 spell levels left.
You knew the following spells:

 Your Spells              Type           Power        Failure   Level
a - Magic Dart            Conj           ###.         1%          1

Your spell library contained the following spells:

 Spells                   Type           Power        Failure   Level
 Searing Ray              Conj           ###...       3%          2
 Dazzling Flash           Conj/Hex       ##....       19%         3
 Fulminant Prism          Conj/Hex       ##........   52%         4
 Iskenderun's Mystic Bla  Conj/Tloc      ##......     52%         4


Dungeon Overview and Level Annotations

Branches:
Dungeon (1/15)

Altars:


Innate Abilities, Weirdness & Mutations

You have a beak for a mouth.
You have claws for feet.


Message History

You barely miss the jackal. The jackal bites you.
* * * LOW HITPOINT WARNING * * *
The kobold throws a stone.
The stone closely misses you. The jackal bites you.
* * * LOW HITPOINT WARNING * * *
Casting: Magic Dart (safe; 1% risk of failure)
Confirm with . or Enter, or press ? or * to list all spells.
Aiming: Magic Dart (safe; 1% risk of failure)
Press: ? - help, Shift-Dir - straight line, f - jackal
Aim: a jackal The magic dart hits the jackal but does no damage.
The kobold throws a stone.
The stone barely misses you. The jackal barely misses you.
Unknown command.
You hit the jackal but do no damage. You peck the jackal.
The jackal is lightly wounded.
The jackal barely misses you.
You hit the jackal. You claw the jackal.
The jackal is almost dead.
The jackal closely misses you. The jackal bites you.
You die...

..≈#######...........
≈≈≈# #........#####
≈≈≈# #............#
≈≈≈# #............#
≈≈≈# #............#
≈≈## ########.....#
..( #####..(..#
#...#.....#
#..h@.....#
#..†......#
##K..$.......
.............
.........#....
$..........#....
##.........# ...
#.........#


You could see a jackal and a kobold.

Vanquished Creatures
  3 jackals (D:1)
  A ball python (D:1)
  A bat (D:1)
5 creatures vanquished.

Notes
Turn   | Place    | Note
-------+----------+-------------------------------------------
     0 | D:1      | MrRokkomies the Tengu Conjurer began the quest for the Orb.
     0 | D:1      | Reached XP level 1. HP: 10/10 MP: 4/4
   136 | D:1      | Slain by a jackal

Illustrated notes

Levels and vault maps discovered:
D:1:      dpeg_arrival_pond, layout_basic

Action                   || total
-------------------------++-------
Melee: Unarmed           ||    11
       Peck              ||     3
       Kick              ||     2
 Cast: Magic Dart        ||     7
Armor: Robe              ||     8
Dodge: Dodged            ||     9

Table legend: (Time is in decaauts)
 A = Elapsed time spent in this place.
 B = Non-inter-level travel time spent in this place.
 C = Inter-level travel time spent in this place.
 D = Time resting spent in this place.
 E = Time spent auto-exploring this place.
 F = Levels seen in this place.
 G = Mean time per level.
                   A        B        C        D        E       F      G
               +--------+--------+--------+--------+--------+-----+--------+
         Total |    135 |    135 |      0 |      0 |     85 |   1 |  135.0 |
       Dungeon |    135 |    135 |      0 |      0 |     85 |   1 |  135.0 |
               +--------+--------+--------+--------+--------+-----+--------+

Top non-repeatable levels by time:
     D:1: 135 daAuts
